 Dungeon Crawl Stone Soup version 0.28-a0-503-g83f2989fac (webtiles) character file.

Game seed: 5969828983391165665

403 bande the Covered (level 6, -2/39 HPs)
             Began as a Gargoyle Fighter on Sept 21, 2021.
             Was an Initiate of Okawaru.
             Slain by a gnoll (16 damage)
             ... in the Ecumenical Temple.
             The game lasted 00:07:28 (5922 turns).

bande the Covered (Gargoyle Fighter)                Turns: 5922, Time: 00:07:29

Health: -2/39      AC: 11    Str: 20    XL:     6   Next: 86%
Magic:  6/6        EV:  9    Int:  8    God:    Okawaru [......]
Gold:   82         SH:  4    Dex: 11    Spells: 5/5 levels left

rFire   . . .      SeeInvis +   a - +0 war axe
rCold   . . .      Faith    .   c - +0 buckler
rNeg    + . .      Spirit   .   b - +0 scale mail
rPois   ∞          Reflect  .   (no helmet)
rElec   +          Harm     .   (no cloak)
rCorr   .          Rampage  .   (no gloves)
Will    .....                   (no boots)
Stlth   ..........              (no amulet)
HPRegen 0.13/turn               i - ring of see invisible
MPRegen 0.10/turn               (no ring)

@: no status effects
A: sickness immunity, AC +4, negative energy resistance 1, electricity
resistance, torment resistance 1, petrification resistance
a: Renounce Religion


You were in the Ecumenical Temple.
You worshipped Okawaru.
Okawaru was noncommittal.
You visited 2 branches of the dungeon, and saw 5 of its levels.
You also visited: Sewer.

You collected 82 gold pieces.

Inventory:

Hand Weapons
 a - a +0 war axe (weapon)
Armour
 b - a +0 scale mail (worn)
 c - a +0 buckler (worn)
Jewellery
 i - a ring of see invisible (left hand)
 k - a ring of wizardry
Scrolls
 d - a scroll of identify
 f - 2 scrolls of teleportation
 j - 2 scrolls of amnesia
Potions
 e - 2 potions of curing
 g - 2 potions of resistance
 l - a potion of heal wounds
 m - a potion of might


   Skills:
 + Level 4.3 Fighting
 + Level 4.4 Axes
 + Level 5.2 Armour
 - Level 0.5 Dodging
 + Level 4.0 Shields


You had 5 spell levels left.
You didn't know any spells.
Your spell library contained the following spells:

 Spells                   Type           Power      Damage    Failure   Level
 Frozen Ramparts          Ice            0%         1d2       98%         3
 Ice Form                 Ice/Tmut       0%         N/A       100%        4
 Summon Ice Beast         Ice/Summ       Unusable   N/A       N/A         4

Dungeon Overview and Level Annotations

Branches:
Dungeon (4/15)             Temple (1/1) D:4           Sewer (visited)

Altars:
Dithmenos
Fedhas
Gozag
Kikubaaqudgha
Makhleb
Nemelex Xobeh
Okawaru
Ru
Sif Muna
Trog
Uskayaw
Vehumet
Zin


Innate Abilities, Weirdness & Mutations

You are immune to sickness and miasma.
Your stone body is resilient. (AC +4)
You are immune to poison.
You resist negative energy. (rN+)
You are resistant to electric shocks. (rElec)
You are resistant to unholy torment.
You are immune to petrification.


Message History

Found a blossoming altar of Fedhas.
Found a hide-covered altar of Uskayaw.
Found a shimmering blue altar of Sif Muna.
Found an ancient bone altar of Kikubaaqudgha and an iron altar of Okawaru.
Found an opulent altar of Gozag.
There is an iron altar of Okawaru here.
You kneel at the altar of Okawaru.
Okawaru welcomes you!
There is a staircase back to the Dungeon here.
You climb upwards.
Welcome back to the Dungeon!
There is a staircase to the Ecumenical Temple here.
The gnoll splashes around in the water.
You climb downwards.
Welcome back to the Ecumenical Temple!
There is a staircase back to the Dungeon here.
You closely miss the gnoll. The gnoll barely misses you.
You closely miss the gnoll.
The gnoll hits you but does no damage. x2
You blink.
You hit the gnoll.
The gnoll is lightly wounded.
The gnoll barely misses you.
You completely miss the gnoll.
The gnoll is lightly wounded.
The gnoll hits you with a +1 flail of distortion.
Space bends around you.
You closely miss the gnoll. You block the gnoll's attack.
The gnoll barely misses you.
You hit the gnoll.
The gnoll is moderately wounded.
The gnoll hits you with a +1 flail of distortion.
You blink.
You barely miss the gnoll.
The gnoll is moderately wounded.
The gnoll hits you with a +1 flail of distortion.
You blink.
The gnoll barely misses you.
You hit the gnoll.
The gnoll is heavily wounded.
The gnoll hits you with a +1 flail of distortion!
Space warps horribly around you!
You die...

...............#.......#...#.⌠...
...............#.......#...#..._.
#.............#.........#...##...
#.....#.#.....#....<....#.....#.#
#..#.#...##...#.........#........
......._...#...#.......#.........
...#.....⌠.#...#.......#.........
..#...#.#...#..g##...##......####
...._....._.....@.###......### #
..#...#.#...#............###
...#.⌠.....#...........###
...#..._...........#####
....##...#.#.....###
......#.#......###
##...........### ##.......###
#########


You could see a gnoll.

Vanquished Creatures
  2 kobold brigands (Sewer)
  Terence (D:2)
  3 gnolls (D:3)
  9 adders
  4 river rats (Sewer)
  5 worms
  5 orcs
  5 ball pythons
  3 bats
  4 endoplasms (Sewer)
  3 giant cockroaches (D:2)
  3 goblins
  4 hobgoblins
  3 jackals (D:2)
  3 quokkas
  3 frilled lizards (D:2)
  13 kobolds
  5 rats
78 creatures vanquished.

Vanquished Creatures (collateral kills)
  A gnoll (D:3)
  A kobold (D:3)
2 creatures vanquished.

Grand Total: 80 creatures vanquished

Notes
Turn   | Place    | Note
-------+----------+-------------------------------------------
     0 | D:1      | bande the Gargoyle Fighter began the quest for the Orb.
     0 | D:1      | Reached XP level 1. HP: 14/14 MP: 1/1
   286 | D:1      | Found a faded altar of an unknown god.
   745 | D:2      | Reached XP level 2. HP: 19/19 MP: 2/2
   905 | D:2      | Found an ancient bone altar of Kikubaaqudgha.
  1074 | D:2      | Reached XP level 3. HP: 19/23 MP: 3/3
  1314 | D:2      | Noticed Terence
  1320 | D:2      | Killed Terence
  1321 | D:2      | Reached skill level 4 in Armour
  1321 | D:2      | Reached XP level 4. HP: 28/29 MP: 4/4
  2301 | D:3      | Found a glowing drain.
  2325 | Sewer    | Entered a sewer
  2521 | Sewer    | Noticed a kobold brigand
  2545 | Sewer    | Killed a kobold brigand
  2546 | Sewer    | Reached XP level 5. HP: 16/33 MP: 5/5
  3025 | Sewer    | HP: 1/33 [frozen (3)]
  3729 | Sewer    | Reached XP level 6. HP: 29/38 MP: 6/6
  3916 | Sewer    | Reached skill level 5 in Armour
  5587 | D:3      | Found a sparkling altar of Nemelex Xobeh.
  5793 | D:4      | Found a staircase to the Ecumenical Temple.
  5802 | Temple   | Entered the Ecumenical Temple
  5890 | Temple   | Became a worshipper of Warmaster Okawaru
  5922 | Temple   | Slain by a gnoll

Illustrated notes

Levels and vault maps discovered:
D:1:      scummos_arrival_hexagon, layout_basic,
          shapermc_ecumenical_altar_mp_vishouse
D:2:      layout_basic, basic_altar, uniq_terence
D:3:      layout_loops_ring, nicolae_overflow_crystal_walls,
          cheibrodos_sewer_entry_bend
D:4:      layout_rooms, minmay_temple_entry_mist, serial_shops,
          nicolae_diamond_shop, uniq_robin
Temple:   regret_index_temple_sphere_string

Skill      XL: |  1  2  3  4  5  6 |
---------------+-------------------+-----
Axes           | 2 3 4 |  4.4
Armour         | 4 5 |  5.2
Fighting       | 4 |  4.3
Shields        | 4 |  4.0
Dodging        | |  0.5

Action                   |  1- 3 |  4- 6 || total
-------------------------+-------+-------++-------
Melee: War axe           |    69 |   268 ||   337
  Use: Scroll            |     2 |     7 ||     9
       Potion            |       |     2 ||     2
Armor: Scale mail        |    42 |   147 ||   189
Dodge: Dodged            |    28 |   123 ||   151
Block: Buckler           |    20 |    52 ||    72

Table legend: (Time is in decaauts)
 A = Elapsed time spent in this place.
 B = Non-inter-level travel time spent in this place.
 C = Inter-level travel time spent in this place.
 D = Time resting spent in this place.
 E = Time spent auto-exploring this place.
 F = Levels seen in this place.
 G = Mean time per level.
                   A        B        C        D        E       F      G
               +--------+--------+--------+--------+--------+-----+--------+
         Total |   6207 |   6165 |     42 |   2154 |   3005 |   6 | 1034.5 |
       Dungeon |   3945 |   3924 |     21 |   1195 |   2058 |   4 |  986.2 |
        Temple |    119 |     98 |     21 |      0 |     68 |   1 |  119.0 |
         Sewer |   2142 |   2142 |      0 |    959 |    879 |   1 | 2142.0 |
               +--------+--------+--------+--------+--------+-----+--------+

Top non-repeatable levels by time:
   Sewer: 2142 daAuts
     D:2: 1944 daAuts
     D:3: 1244 daAuts
     D:1: 742 daAuts
  Temple: 119 daAuts
     D:4: 14 daAuts
